AoeStats
← | NoTok | Wetcheese

Arabia

510748644Analyzed
4v4 RM · 1d ago on Oct 2, 2026· 67m 48s· 8 players
Game mode
Random Map
Map size
Large (8 player)
Population
200
Speed
Normal
Resources
Standard
Victory
Conquest
Starting age
Dark Age
Ending age
Imperial Age
RankedLock teamsTeams togetherTeam positionsShared explorationLock speedFull tech treeHidden civsTurbo modeCheats
Victory
Defeat
🇩🇪 Bulgarians · Germany
916
+17
🇨🇦 Spanish · Canada
909
+18
🇰🇿 Romans · Kazakhstan
905
+18
🇮🇳 Danes · India
863
+19
🇦🇺 Khitans · Australia
1011
-58
🇦🇺 Hindustanis · Australia
947
-18
🇦🇺 Franks · Australia
906
-17
🇦🇺 Mongols · Australia
906
-17
aYce Slide4285
11:36 Feudal Age
12:47 Double-Bit Axe
16:34 Loom
17:43 Fletching
24:20 Castle Age
23:51 Forging
23:41 Padded Archer Armor
23:25 Horse Collar
23:36 Gold Mining
24:58 Bodkin Arrow
32:27 Ballistics
37:14 Thumb Ring
39:54 Bow Saw
40:38 Wheelbarrow
40:37 Leather Archer Armor
44:40 Imperial Age
42:45 Heavy Plow
44:43 Capped Ram
44:46 Heavy Cavalry Archer
45:51 Parthian Tactics
46:05 Parthian Tactics
45:45 Bracer
46:21 Iron Casting
45:57 Siege Ram
49:00 Conscription
51:36 Blast Furnace
61:44 Chemistry
60:35 Heated Shot
66:21 Elite Skirmisher
614Superdry
12:33 Feudal Age
13:35 Double-Bit Axe
19:59 Castle Age
19:17 Stone Mining
19:12 Horse Collar
19:23 Gold Mining
22:16 Loom
22:22 Loom
22:35 Fletching
23:53 Stone Shaft Mining
23:31 Bow Saw
25:57 Wheelbarrow
27:22 Heavy Plow
31:20 Hand Cart
32:25 Husbandry
35:40 Imperial Age
34:08 Bloodlines
33:55 Bodkin Arrow
36:50 Conscription
35:51 Elite Conquistador
37:36 Chemistry
36:57 Ballistics
36:41 Bracer
36:41 Padded Archer Armor
39:45 Leather Archer Armor
40:46 Ring Archer Armor
58:15 Forging
58:10 Scale Barding Armor
60:08 Light Cavalry
61:27 Iron Casting
61:13 Chain Barding Armor
61:49 Guilds
63:25 Blast Furnace
63:00 Plate Barding Armor
62:45 Hussar
Killing Strike
3:19 Loom
10:19 Feudal Age
17:22 Castle Age
16:15 Double-Bit Axe
28:36 Hamask
35:06 Imperial Age
35:34 Wheelbarrow
34:47 Town Watch
35:27 Gold Mining
35:27 Stone Mining
35:52 Bow Saw
35:26 Horse Collar
35:14 Elite Jomsviking
37:33 Heavy Plow
38:10 Gold Shaft Mining
38:14 Stone Shaft Mining
38:16 Hand Cart
39:15 Chemistry
38:12 Murder Holes
38:07 Heated Shot
38:36 Forging
38:26 Scale Mail Armor
40:16 Iron Casting
39:56 Chain Mail Armor
41:59 Blast Furnace
41:35 Plate Mail Armor
40:28 Elite Skirmisher
41:13 Thumb Ring
46:29 Scale Barding Armor
46:27 Padded Archer Armor
46:17 Fletching
56:06 Northmen's Fury
57:04 Leather Archer Armor
56:45 Bodkin Arrow
57:11 Chain Barding Armor
57:16 Ballistics
62:57 Ring Archer Armor
62:28 Bracer
64:20 Masonry
64:16 Siege Engineers
ALFA_Tester
3:05 Loom
11:31 Feudal Age
18:56 Castle Age
17:34 Double-Bit Axe
17:31 Horse Collar
25:37 Scale Mail Armor
25:11 Pikeman
26:36 Squires
27:18 Forging
27:07 Town Watch
31:12 Bow Saw
31:05 Heavy Plow
39:55 Imperial Age
39:49 Man-at-Arms
41:34 Halberdier
41:50 Long Swordsman
44:03 Chemistry
43:16 Fortified Wall
43:49 Chain Mail Armor
44:09 Iron Casting
45:44 Conscription
48:21 Blast Furnace
51:52 Ballistics
60:33 Ballistas
60:13 Heavy Scorpion
61:26 Murder Holes
68:17 Siege Engineers
| NoTok | Devdass
6:13 Loom
8:34 Feudal Age
10:08 Double-Bit Axe
21:17 Castle Age
20:06 Horse Collar
20:44 Gold Mining
21:43 Bloodlines
22:08 Husbandry
22:39 Scale Barding Armor
22:45 Forging
23:54 Wheelbarrow
27:24 Iron Casting
27:10 Chain Barding Armor
31:15 Heavy Plow
31:29 Bow Saw
33:20 Stone Mining
34:19 Hand Cart
36:04 Fletching
39:26 Town Watch
42:24 Bodkin Arrow
47:00 Imperial Age
47:12 Imperial Age
45:20 Murder Holes
45:46 Ballistics
51:57 Heavy Camel Rider
53:37 Plate Barding Armor
54:03 Blast Furnace
55:08 Conscription
56:26 Bracer
60:26 Elite Skirmisher
61:26 Thumb Ring
61:46 Caravan
61:30 Imperial Camel Rider
63:25 Gold Shaft Mining
65:29 Padded Archer Armor
New Wales, South
5:34 Loom
10:11 Feudal Age
11:01 Double-Bit Axe
19:25 Wheelbarrow
18:40 Domestication
22:07 Castle Age
21:04 Forging
21:00 Scale Barding Armor
23:31 Iron Casting
26:12 Husbandry
30:10 Chain Barding Armor
33:50 Light Cavalry
46:00 Imperial Age
55:18 Hand Cart
55:32 Bow Saw
56:16 Pastoralism
56:59 Heavy Camel Rider
58:35 Caravan
67:21 Plate Barding Armor
| NoTok | Wetcheese
0:39 Loom
13:36 Feudal Age
18:09 Double-Bit Axe
21:07 Castle Age
20:14 Gold Mining
20:17 Stone Mining
22:46 Bow Saw
29:59 Wheelbarrow
33:47 Gold Shaft Mining
33:20 Husbandry
33:56 Forging
33:47 Scale Mail Armor
35:44 Iron Casting
35:15 Scale Barding Armor
37:28 Chain Mail Armor
37:37 Hand Cart
39:56 Imperial Age
38:32 Chain Barding Armor
40:58 Conscription
40:03 Capped Ram
40:14 Cavalier
40:15 Light Cavalry
41:57 Blast Furnace
41:17 Treadmill Crane
41:50 Fortified Wall
41:53 Masonry
42:11 Paladin
45:16 Murder Holes
45:54 Architecture
46:26 Chemistry
45:47 Ballistics
46:22 Town Watch
dr bitewings
8:58 Loom
10:44 Feudal Age
15:28 Castle Age
13:39 Double-Bit Axe
13:39 Horse Collar
17:44 Bow Saw
18:14 Wheelbarrow
25:21 Hand Cart
27:16 Gold Mining
27:19 Stone Mining
31:42 Imperial Age
29:04 Town Watch
31:58 Gold Shaft Mining
32:00 Stone Shaft Mining
32:00 Husbandry
32:12 Bloodlines
31:25 Light Cavalry
32:20 Forging
32:00 Fletching
32:16 Scale Barding Armor
32:12 Padded Archer Armor
34:14 Chemistry
33:35 Ballistics
34:26 Conscription
34:56 Elite Mangudai
36:06 Bodkin Arrow
36:27 Leather Archer Armor
36:33 Chain Barding Armor
36:49 Hussar
39:25 Capped Ram
40:47 Caravan
41:30 Drill
41:11 Nomads
42:26 Siege Ram
44:34 Parthian Tactics
44:15 Thumb Ring
44:14 Bracer
44:49 Iron Casting
45:20 Siege Engineers
45:11 Murder Holes
45:26 Masonry
45:27 Fortified Wall
54:57 Blast Furnace
54:07 Town Patrol
Connection lost

Rejoining the realm…

Still unreachable

The connection could not be restored.

Session expired

The server has moved on; the page needs a fresh start.